 Dungeon Crawl Stone Soup version 0.23.2-33-g5129a83184 (webtiles) character file.

Game seed: 13284804851774034947

36 DorianNounverber the Digger (level 3, -7/20 HPs)
             Began as a Gargoyle Earth Elementalist on July 13, 2019.
             Killed by divine providence
             ... invoked by an orc priest
              (16 damage)
             ... on level 3 of the Dungeon.
             The game lasted 00:02:25 (1043 turns).

DorianNounverber the Digger (GrEE)                  Turns: 1043, Time: 00:02:26

Health: -7/20      AC:  5    Str: 11    XL:     3   Next: 37%
Magic:  4/6        EV: 12    Int: 16    God:
Gold:   46         SH:  0    Dex: 10    Spells: 6/7 levels left

rFire    . . .     SeeInvis .   f - +2 dagger (venom)
rCold    . . .     Gourm    .   (no shield)
rNeg     + . .     Faith    .   c - +0 robe
rPois    ∞         Spirit   .   (no helmet)
rElec    +         Reflect  .   (no cloak)
rCorr    .         Harm     .   (no gloves)
MR       .....                  (no boots)
Stlth    ++........             (no amulet)
HPRegen  0.06/turn              (no ring)
MPRegen  0.10/turn              (no ring)

@: no status effects
A: negative energy resistance 1, electricity resistance, unbreathing,
petrification resistance, rot immunity, AC +3
a: no special abilities


You were on level 3 of the Dungeon.
You were hungry.

You visited 1 branch of the dungeon, and saw 3 of its levels.

You collected 46 gold pieces.

Inventory:

Hand Weapons
 f - a +2 dagger of venom (weapon)
 j - a +0 club
Missiles
 b - 26 stones (quivered)
Armour
 c - a +0 robe (worn)
Jewellery
 i - an uncursed ring of fire {unknown}
Scrolls
 e - 3 scrolls of identify {unknown}
 g - a scroll of remove curse {unknown}
 k - a scroll of teleportation {unknown}
 l - a scroll of blinking {unknown}
 m - a scroll of noise {unknown}
Potions
 a - 2 potions of curing {unknown}
 h - a potion of heal wounds {unknown}
Comestibles
 d - 3 rations


   Skills:
 + Level 1.0 Fighting
 + Level 2.0 Dodging
 - Level 2.1 Stealth
 * Level 2.5 Spellcasting
   Level 0.7 Transmutations
 * Level 4.2 Earth Magic


You had 6 spell levels left.
You knew the following spells:

 Your Spells              Type           Power        Failure   Level  Hunger
a - Sandblast             Erth           ###...       3%          1    #......

Your spell library contained the following spells:

 Spells                   Type           Power        Failure   Level  Hunger
 Passwall                 Tmut/Erth      #.......     11%         2    ##.....
 Stone Arrow              Conj/Erth      #.....       26%         3    ###....
 Petrify                  Tmut/Erth      #.......     56%         4    #####..
 Lee's Rapid Deconstruct  Erth           ###.......   69%         5    ######.


Dungeon Overview and Level Annotations

Branches:
Dungeon (2/15)

Altars:


Innate Abilities, Weirdness & Mutations

You are resistant to torment.
Your stone body is resilient. (AC +3)
You are immune to poison.
You resist negative energy. (rN+)
You are resistant to electric shocks. (rElec)
You can survive without breathing.
You are immune to petrification.
You are immune to rotting.


Message History

The blast of sand hits the adder!
You kill the adder!
Your Dodging skill increases to level 2!
b - 26 stones You hit the hobgoblin.
The hobgoblin is poisoned.
The hobgoblin is lightly wounded.
An orc priest comes into view. It is wielding a +0 mace.
The hobgoblin closely misses you.
The orc priest shouts!
You hit the hobgoblin but do no damage.
The orc priest mumbles some strange prayers to Beogh against you.
Beogh smites you!
Ouch! That really hurt!
The hobgoblin hits you but does no damage.
A goblin comes into view. It is wielding a +0 club.
You barely miss the hobgoblin.
The orc priest invokes the aid of Beogh against you.
Beogh smites you!
Ouch! That really hurt!
You die...

...o
...g
...#
#..#
#..#
#o.#
#..#
#@.#
#g.#
#†.#
#..#
#..#
#...
#...
#####


You could see an orc priest, an orc, a hobgoblin and a goblin.

Vanquished Creatures
  An adder (D:3)
  4 dart slugs (D:1)
  A giant cockroach (D:1)
  A goblin (D:1)
  3 hobgoblins (D:1)
  3 bats (D:1)
  4 frilled lizards
  3 kobolds (D:1)
  A rat (D:1)
21 creatures vanquished.

Notes
Turn   | Place    | Note
-------+----------+-------------------------------------------
     0 | D:1      | DorianNounverber the Gargoyle Earth Elementalist began the
                  | quest for the Orb.
     0 | D:1      | Reached XP level 1. HP: 10/10 MP: 3/3
   226 | D:1      | Reached XP level 2. HP: 16/16 MP: 5/5
   445 | D:1      | Reached skill level 4 in Earth Magic
   681 | D:1      | Reached XP level 3. HP: 17/20 MP: 6/6
   834 | D:1      | Reached skill level 1 in Fighting
  1038 | D:2      | You fall through a shaft!
  1043 | D:3      | Killed from afar by an orc priest

Skill      XL: |  1  2  3 |
---------------+----------+-----
Earth Magic    | 4 |  4.2
Fighting       | 1 |  1.0
Dodging        | 2 |  2.0
Stealth        | |  2.1
Spellcasting   | |  2.5
Transmutations | |  0.7

Action                   || total
-------------------------++-------
Melee: Unarmed           ||    11
       Dagger            ||    50
 Cast: Sandblast         ||     7
 Stab: Sleeping          ||     1
Armor: Robe              ||    25
Dodge: Dodged            ||    45
